 Dungeon Crawl Stone Soup version 0.28.0-1-gb440e238dd (webtiles) character file.

Game seed: 3960110161702807607

252 hikkokomori the Digger (level 6, -12/36 HPs)
             Began as a Gargoyle Earth Elementalist on Feb 21, 2022.
             Killed from afar by Dowan (21 damage)
             ... with a shard of ice
             ... on level 4 of the Dungeon.
             The game lasted 00:05:23 (3199 turns).

hikkokomori the Digger (GrEE)                       Turns: 3199, Time: 00:05:24

Health: -12/36     AC:  8    Str: 12    XL:     6   Next: 13%
Magic:  7/10       EV: 11    Int: 17    God:
Gold:   60         SH:  0    Dex: 10    Spells: 10/11 levels left

rFire   . . .      SeeInvis .   e - +1 whip (elec)
rCold   . . .      Faith    .   (no shield)
rNeg    + . .      Spirit   .   j - +1 leather armour of Pride {Stlth+}
rPois   ∞          Reflect  .   (no helmet)
rElec   +          Harm     .   (no cloak)
rCorr   .          Rampage  .   (no gloves)
Will    .....                   (no boots)
Stlth   +++.......              (no amulet)
HPRegen 0.12/turn               (no ring)
MPRegen 0.12/turn               (no ring)

@: no status effects
A: sickness immunity, AC +4, negative energy resistance 1, electricity
resistance, torment resistance 1, petrification resistance
a: no special abilities


You were on level 4 of the Dungeon.
You visited 1 branch of the dungeon, and saw 4 of its levels.

You collected 177 gold pieces.
You spent 117 gold pieces at shops.

Inventory:

Hand Weapons
 a - a +0 war axe
 e - a +1 whip of electrocution (weapon)
 r - a +2 vorpal mace
Missiles
 c - 103 stones
Armour
 b - a +0 robe
 f - the +2 chain mail "Earthly Heaven" {*Slow Str+5 Int+4}
   (You found it on level 2 of the Dungeon)

   Str:       It affects your strength (+5).
   Int:       It affects your intelligence (+4).
   *Slow:     It may slow you when you take damage.
 j - the +1 leather armour of Pride (worn) {Stlth+}
   (You found it on level 2 of the Dungeon)

   Stlth:     It makes you more stealthy.
Magical Staves
 h - a staff of air
Wands
 m - a wand of charming (8)
 n - a wand of flame (15)
Scrolls
 g - a scroll of enchant armour {unknown}
 k - a scroll of teleportation {unknown}
 l - a scroll of identify {unknown}
 q - a scroll of enchant weapon {unknown}
 s - a scroll of noise {unknown}
Potions
 d - a potion of attraction {unknown}
 i - 2 potions of degeneration {unknown}
 o - a potion of brilliance
 p - a potion of invisibility {unknown}


   Skills:
 + Level 2.4 Fighting
 - Level 2.0 Dodging
 + Level 4.0 Stealth
 + Level 3.2 Spellcasting
 - Level 1.0 Transmutations
 + Level 5.0 Earth Magic


You had 10 spell levels left.
You knew the following spells:

 Your Spells              Type           Power      Damage    Failure   Level
a - Sandblast             Erth           40%        2d10      2%          1

Your spell library contained the following spells:

 Spells                   Type           Power      Damage    Failure   Level
 Passwall                 Tmut/Erth      10%        N/A       10%         2
 Stone Arrow              Conj/Erth      22%        3d8       22%         3
 Ensorcelled Hibernation  Hex/Ice        4%         N/A       32%         2
 Spider Form              Tmut/Pois      4%         N/A       45%         3
 Petrify                  Tmut/Erth      13%        N/A       52%         4
 Anguish                  Hex/Necr       1%         N/A       91%         4


Dungeon Overview and Level Annotations

Branches:
Dungeon (4/15)
 Temple: D:4-7

Altars:
Trog
Xom
Yredelemnul

Shops:
D:3 !

Annotations:
D:4 Dowan


Innate Abilities, Weirdness & Mutations

You are immune to sickness and miasma.
Your stone body is resilient. (AC +4)
You are immune to poison.
You resist negative energy. (rN+)
You are resistant to electric shocks. (rElec)
You are resistant to unholy torment.
You are immune to petrification.


Message History

Dowan blinks!
Dowan says, "Her death will not be in vain!"
Things that are here:
a +0 short sword; a +0 leather armour
Casting: Sandblast (safe; 2% risk of failure)
Confirm with . or Enter, or press ? or * to list all spells.
You can't see any susceptible monsters within range! (Use Z to cast anyway.) Unknown command.
Casting: Sandblast (safe; 2% risk of failure)
Confirm with . or Enter, or press ? or * to list all spells.
Aiming: Sandblast (safe; 2% risk of failure)
Press: ? - help, Shift-Dir - straight line, f - Dowan
Aim: Dowan, wielding a +0 dagger and wearing a +0 robe (lightly wounded, fast, 73% to hit)
The blast of sand hits Dowan.
Dowan is moderately wounded.
Dowan hits you with a +0 dagger.
* * * LOW HITPOINT WARNING * * *
You barely miss Dowan.
Dowan is moderately wounded.
Dowan barely misses you.
Dowan gestures wildly while chanting.
Dowan blinks!
Casting: Sandblast (safe; 2% risk of failure)
Confirm with . or Enter, or press ? or * to list all spells.
Aiming: Sandblast (safe; 2% risk of failure)
Press: ? - help, Shift-Dir - straight line, f/p - Dowan
Aim: Dowan, wielding a +0 dagger and wearing a +0 robe (moderately wounded, fast, 73% to hit)
The blast of sand hits Dowan.
Dowan is heavily wounded.
Dowan mumbles some strange words.
Dowan blinks!
Aiming: Throw Flame
Press: ? - help, Shift-Dir - straight line, f/p - Dowan
Aim: Dowan, wielding a +0 dagger and wearing a +0 robe (heavily wounded, fast, 56% to hit)
The puff of flame hits Dowan!
Dowan is almost dead.
Dowan gestures at you while chanting. The shard of ice hits you!!
Ouch! That really hurt!
You die...

...#.......<......##
...................#
....................#
.##................#
...................#
###................#
#......[.........#
##........<.....##
##.@....#.....##
######e####### #.#
#.# #)# #e# #.# #.#
#.#


You could see Dowan (fast).

Vanquished Creatures
  Duvessa (D:4)
  A centaur skeleton (D:4)
  Ijyb (D:3)
  A hound skeleton (D:4)
  3 adders
  A dart slug (D:1)
  7 bats
  2 endoplasms (D:3)
  A giant cockroach (D:1)
  4 goblins
  A hobgoblin (D:2)
  7 jackals (D:1)
  5 kobolds
  5 quokkas
  3 ball pythons
  6 frilled lizards
  8 rats
57 creatures vanquished.

Vanquished Creatures (others)
  A fungus (D:1)
  A plant (D:1)
2 creatures vanquished.

Grand Total: 59 creatures vanquished

Notes
Turn   | Place    | Note
-------+----------+-------------------------------------------
     0 | D:1      | hikkokomori the Gargoyle Earth Elementalist began the quest
                  | for the Orb.
     0 | D:1      | Reached XP level 1. HP: 10/10 MP: 3/3
   328 | D:1      | Reached skill level 1 in Transmutations
   328 | D:1      | Reached XP level 2. HP: 6/15 MP: 0/5
  1389 | D:1      | Reached skill level 4 in Earth Magic
  1389 | D:1      | Reached XP level 3. HP: 19/19 MP: 6/6
  1680 | D:1      | Found a faded altar of an unknown god.
  1810 | D:2      | Identified the +2 chain mail "Earthly Heaven" {*Slow Str+5
                  | Int+4}
  1881 | D:2      | Found a bloodstained altar of Trog.
  2174 | D:2      | Identified the +1 leather armour of Pride {Stlth+}
  2389 | D:2      | Reached XP level 4. HP: 21/24 MP: 7/7
  2581 | D:3      | Found Senn's Distillery.
  2586 | D:3      | Found a shimmering altar of Xom.
  2590 | D:3      | Reached skill level 1 in Fighting
  2590 | D:3      | Bought a potion of heal wounds for 65 gold pieces
  2590 | D:3      | Bought a potion of brilliance for 52 gold pieces
  2696 | D:3      | Noticed Ijyb
  2708 | D:3      | Killed Ijyb
  2732 | D:3      | Found a basalt altar of Yredelemnul.
  3116 | D:4      | Reached XP level 5. HP: 27/29 MP: 9/9
  3173 | D:4      | Noticed Duvessa
  3174 | D:4      | Noticed Dowan
  3183 | D:4      | Killed Duvessa
  3184 | D:4      | Reached skill level 5 in Earth Magic
  3184 | D:4      | Reached XP level 6. HP: 18/36 MP: 7/10
  3199 | D:4      | Killed from afar by Dowan

Illustrated notes

Levels and vault maps discovered:
D:1:      nzn_arrival_crosshair, layout_basic,
          shapermc_ecumenical_altar_hornbeckon, serial_curves, eino_curves_01,
          eino_curves_01
D:2:      layout_rooms, basic_altar, nrook_mini_backslash,
          kennysheep_generic_room_5
D:3:      layout_loops_ring, mainiacjoe_overflow_alcove_2, xom_teletrap_fun,
          serial_shops, shop, uniq_ijyb
D:4:      layout_rooms, minmay_three_crescents, uniq_grinder,
          uniq_blork_the_orc, uniq_duvessa, uniq_eustachio

Skill      XL: |  1  2  3  4  5 |
---------------+----------------+-----
Transmutations | 1 |  1.0
Earth Magic    | 4 5 |  5.0
Dodging        | 2 |  2.0
Stealth        | 3 4 |  4.0
Fighting       | 1 2 |  2.4
Spellcasting   | 3 |  3.2

Action                   |  1- 3 |  4- 6 || total
-------------------------+-------+-------++-------
Melee: War axe           |    40 |       ||    40
       Whip              |   108 |    42 ||   150
       Punch             |     2 |       ||     2
 Cast: Sandblast         |     8 |     5 ||    13
Evoke: Wand              |       |     1 ||     1
  Use: Potion            |       |     1 ||     1
 Stab: Sleeping          |     6 |     3 ||     9
Armor: Robe              |    40 |       ||    40
       Chain mail        |    36 |       ||    36
       Leather armour    |     3 |    16 ||    19
Dodge: Dodged            |   106 |    24 ||   130
